 Dungeon Sprint DCSS version 0.27-a0-538-g15ff5c5295 (webtiles) character file.

Game seed: 840875419682917001

8474 mhtbhm the Severer (level 11, -40/166 HPs)
             Began as a Minotaur Fighter on Mar 6, 2021.
             Was a High Priest of Trog.
             Killed from afar by Tiamat (64 damage)
             ... with a chilling breath
             ... in the Dungeon (Sprint VII: "The Pits").
             The game lasted 00:02:23 (1156 turns).

mhtbhm the Severer (Minotaur Fighter)               Turns: 1156, Time: 00:02:23

Health: -40/166    AC: 21    Str: 25    XL:     11   Next: 10%
Magic:  0/10       EV: 10    Int:  8    God:    Trog [*****.]
Gold:   0          SH: 14    Dex:  9    Spells: 10/10 levels left

rFire    . . .     SeeInvis .   a - +3 broad axe (flame)
rCold    . . .     Faith    .   c - +0 kite shield
rNeg     . . .     Spirit   .   b - +4 chain mail
rPois    .         Reflect  .   (helmet restricted)
rElec    .         Harm     .   (no cloak)
rCorr    .         Rampage  .   (no gloves)
Will     .....     NoTele   +   p - +0 pair of boots
Stlth    ..........             (no amulet)
HPRegen  0.37/turn              m - +3 ring of intelligence
MPRegen  0.12/turn              n - +3 ring of protection

@: berserking (expiring), lethally poisoned (-40 -> -70), very quick
A: horns 2, retaliatory headbutt
a: Renounce Religion, Berserk, Trog's Hand, Brothers in Arms


You were in the Dungeon.
You worshipped Trog.
Trog was extremely pleased with you.
You visited 1 branch

Inventory:

Hand Weapons
 a - a +3 broad axe of flaming (weapon)
Armour
 b - a +4 chain mail (worn)
 c - a +0 kite shield (worn)
 p - a +0 pair of boots (worn)
Jewellery
 m - a +3 ring of intelligence (left hand)
 n - a +3 ring of protection (right hand)
Scrolls
 j - a scroll of blinking
 l - a scroll of summoning
Potions
 d - 2 potions of might
 e - 7 potions of curing
 f - 8 potions of heal wounds
 g - a potion of haste
 h - 4 potions of magic
 i - 7 potions of berserk rage
 k - 2 potions of invisibility
 o - a potion of mutation


   Skills:
 + Level 14.4 Fighting
 + Level 17.8 Axes
 + Level 13.9 Armour
 + Level 6.7 Dodging
 + Level 2.4 Stealth
 + Level 15.3 Shields


You had 10 spell levels left.
You didn't know any spells.
Your spell library was empty.

Dungeon Overview and Level Annotations

Branches:
Dungeon (1/1)

Altars:
Ashenzari
Cheibriados
Dithmenos
Elyvilon
Fedhas
Gozag
Hepliaklqana
Kikubaaqudgha
Makhleb
Nemelex Xobeh
Okawaru
Qazlal
Ru
Sif Muna
Trog
Uskayaw
Vehumet
Wu Jian
Xom
Yredelemnul
Zin
The Shining One
Beogh
Jiyva
Lugonu

Annotations:
D Mennas, Tiamat


Innate Abilities, Weirdness & Mutations

You have a pair of horns on your head.
You reflexively headbutt those who attack you in melee.


Message History

A yellow draconian comes into view. It is wielding a +0 long sword.
You feel very sick.
Your troll bites Tiamat but does no damage.
Your troll claws Tiamat but does no damage. x2
A white draconian stormcaller comes into view.
It is wielding a +3 short sword of venom.
You see here a +0 dire flail.
You slice the purple draconian!! You burn the purple draconian.
You headbutt the purple draconian.
The purple draconian is heavily wounded.
You slash the white draconian! You burn the white draconian.
You feel sick.
You hear a shout!
Your troll barely misses Tiamat. x2
Your troll claws Tiamat but does no damage.
The purple draconian breathes dispelling energy at you.
The bolt of dispelling energy hits you. The white draconian misses you.
You block Tiamat's attack.
The white draconian hits you but does no damage.
You slice the purple draconian!! You burn the purple draconian.
You headbutt the purple draconian!
The purple draconian is almost dead.
You hit the white draconian but do no damage.
You feel sick.
Your troll bites the purple draconian!
Your troll claws the purple draconian but does no damage.
Your troll claws the purple draconian!!
The purple draconian dies!
Trog accepts your kill.
Your troll bites Tiamat but does no damage.
Your troll closely misses Tiamat.
Your troll claws Tiamat.
You have reached level 11!
You feel very sick.
Your troll bites Tiamat!
Your troll claws Tiamat!
Your troll claws Tiamat but does no damage.
You block the white draconian's attack.
The white draconian breathes frost at you.
The chilling breath hits you!!
* * * LOW HITPOINT WARNING * * *
The chilling breath hits your troll!! Tiamat breathes frost at you.
The chilling breath hits you!!!
You die...

####++#++####
.........##...........
..........##.....#d.....
..#....#..##..#ยง.dde#..#
..........##...pd#dde...
..........##...T@dDAeZ..
..#....#..#####)T#dq####
..........''...).# .#
..........''.....# #
##++####''########
#''###### #........
#........ #..######


You could see Tiamat (catching breath, ally target), Mennas, a Killer Klown, an
iron dragon, a deep elf blademaster, a black draconian, a yellow draconian, a
purple draconian, a red draconian, 2 draconians, a white draconian stormcaller,
a deep elf master archer, a deep elf death mage, a giant cockroach zombie and 2
friendly trolls.

Vanquished Creatures
  A green draconian (D)
  A white draconian (D)
  A green death (D)
  A vault guard (D)
  A death yak (D)
  A spriggan (D)
  A cyclops (D)
  An orange demon (D)
  2 hornets (D)
  2 vampires (D)
  Menkaure (D)
  A floating eye (D)
  An orc warrior (D)
  A necrophage (D)
  An eye of draining (D)
  A crimson imp (D)
  2 orc priests (D)
  2 iron imps (D)
  An iguana (D)
  3 worker ants (D)
  2 gnolls (D)
  An adder (D)
  2 ufetubi (D)
  2 orcs (D)
  A bat skeleton (D)
  2 giant cockroaches (D)
  A goblin (D)
  4 jackals (D)
  2 rats (D)
43 creatures vanquished.

Vanquished Creatures (collateral kills)
  A deep elf blademaster (D)
  A purple draconian (D)
  2 spriggan air magi (D)
  A hornet (shapeshifter) (D)
5 creatures vanquished.

Grand Total: 48 creatures vanquished

Notes
Turn   | Place    | Note
-------+----------+-------------------------------------------
     0 | D        | mhtbhm the Minotaur Fighter began the quest for the Orb.
     0 | D        | Reached XP level 1. HP: 19/19 MP: 0/0
    12 | D        | Reached XP level 2. HP: 28/28 MP: 1/1
    16 | D        | Found a bloodstained altar of Trog.
    16 | D        | Found a shimmering blue altar of Sif Muna.
    16 | D        | Found a viscous altar of Jiyva.
    16 | D        | Found a hazy altar of Hepliaklqana.
    16 | D        | Found an opulent altar of Gozag.
    17 | D        | Found a glowing golden altar of the Shining One.
    17 | D        | Found a glowing silver altar of Zin.
    17 | D        | Found a basalt altar of Yredelemnul.
    17 | D        | Found a shimmering altar of Xom.
    17 | D        | Found an ornate altar of the Wu Jian Council.
    17 | D        | Found a sacrificial altar of Ru.
    17 | D        | Found a stormy altar of Qazlal.
    17 | D        | Found an iron altar of Okawaru.
    17 | D        | Found a sparkling altar of Nemelex Xobeh.
    17 | D        | Found a burning altar of Makhleb.
    17 | D        | Found a blossoming altar of Fedhas.
    17 | D        | Found a white marble altar of Elyvilon.
    17 | D        | Found a shadowy altar of Dithmenos.
    17 | D        | Found a snail-covered altar of Cheibriados.
    19 | D        | Found a radiant altar of Vehumet.
    19 | D        | Found a corrupted altar of Lugonu.
    21 | D        | Became a worshipper of Trog the Wrathful
    65 | D        | Reached * piety under Trog
    67 | D        | Reached skill level 3 in Axes
    74 | D        | Reached skill level 5 in Fighting
    74 | D        | Reached skill level 5 in Armour
    74 | D        | Reached skill level 5 in Shields
    74 | D        | Reached XP level 3. HP: 29/36 MP: 2/2
   168 | D        | Reached ** piety under Trog
   170 | D        | Noticed an orc warrior
   174 | D        | Reached skill level 4 in Axes
   176 | D        | Reached *** piety under Trog
   177 | D        | Reached XP level 4. HP: 42/44 MP: 3/3
   181 | D        | Killed an orc warrior
   182 | D        | Reached skill level 6 in Axes
   182 | D        | Reached skill level 1 in Dodging
   182 | D        | Reached XP level 5. HP: 29/52 MP: 4/4
   183 | D        | Reached skill level 7 in Axes
   398 | D        | Noticed a necrophage
   398 | D        | Noticed a floating eye
   401 | D        | Paralysed by a floating eye for 2 turns
   408 | D        | Killed a necrophage
   408 | D        | Reached **** piety under Trog
   409 | D        | Reached XP level 6. HP: 52/61 MP: 5/5
   412 | D        | Killed a floating eye
   413 | D        | Reached skill level 9 in Axes
   429 | D        | Reached ***** piety under Trog
   455 | D        | Noticed an orange demon
   467 | D        | Killed an orange demon
   468 | D        | Reached skill level 11 in Axes
   468 | D        | Reached skill level 10 in Armour
   468 | D        | Reached skill level 10 in Shields
   468 | D        | Reached XP level 7. HP: 33/70 MP: 6/6
   501 | D        | Noticed Menkaure
   504 | D        | Killed Menkaure
   504 | D        | Received a gift from Trog
   744 | D        | Noticed a cyclops
   744 | D        | Noticed a hornet
   752 | D        | Killed a hornet
   753 | D        | Reached skill level 12 in Axes
   753 | D        | Reached XP level 8. HP: 79/79 MP: 7/7
   757 | D        | Killed a cyclops
   758 | D        | Reached skill level 10 in Fighting
   758 | D        | Received a gift from Trog
   869 | D        | Found a hide-covered altar of Uskayaw.
   869 | D        | Found an ancient bone altar of Kikubaaqudgha.
   869 | D        | Found a broken altar of Ashenzari.
   906 | D        | Reached skill level 13 in Axes
  1056 | D        | Noticed a death yak
  1056 | D        | Noticed a spriggan rider
  1064 | D        | Killed a death yak
  1064 | D        | Reached ****** piety under Trog
  1064 | D        | Received a gift from Trog
  1065 | D        | Reached skill level 14 in Axes
  1065 | D        | Reached XP level 9. HP: 89/89 MP: 8/8
  1073 | D        | Killed a spriggan rider
  1074 | D        | Reached skill level 15 in Axes
  1074 | D        | Reached skill level 5 in Dodging
  1128 | D        | Noticed a spriggan air mage
  1128 | D        | Noticed an iron dragon
  1128 | D        | Noticed a green death
  1128 | D        | Noticed a white draconian
  1128 | D        | Noticed a deep elf blademaster
  1128 | D        | Noticed a spriggan air mage
  1129 | D        | Noticed a Killer Klown
  1129 | D        | Noticed a white draconian
  1131 | D        | Noticed a salamander
  1131 | D        | a dream sheep changed into a salamander
  1134 | D        | Found the +4 dragonskin cloak
  1134 | D        | Noticed Tiamat
  1135 | D        | Noticed a vault guard
  1135 | D        | Killed a spriggan air mage
  1135 | D        | Noticed a green draconian
  1137 | D        | Noticed an orb spider
  1137 | D        | a salamander changed into an orb spider
  1137 | D        | Killed a spriggan air mage
  1138 | D        | Reached skill level 1 in Stealth
  1138 | D        | Reached XP level 10. HP: 99/99 MP: 9/9
  1139 | D        | Killed a deep elf blademaster
  1140 | D        | Reached skill level 16 in Axes
  1140 | D        | Noticed a black draconian
  1140 | D        | Noticed a purple draconian
  1140 | D        | Noticed a yellow draconian
  1140 | D        | an orb spider changed into a hornet
  1143 | D        | Killed a green death
  1143 | D        | Noticed a white draconian
  1145 | D        | Received a gift from Trog
  1145 | D        | Noticed a red draconian
  1147 | D        | Killed a vault guard
  1147 | D        | Killed a white draconian
  1147 | D        | Noticed a deep elf death mage
  1148 | D        | Reached skill level 17 in Axes
  1148 | D        | Noticed a purple draconian
  1148 | D        | Noticed a deep elf blademaster
  1148 | D        | Noticed a deep elf master archer
  1152 | D        | Killed a green draconian
  1152 | D        | Noticed Mennas
  1153 | D        | Reached skill level 15 in Shields
  1153 | D        | Noticed a yellow draconian
  1153 | D        | Noticed a white draconian stormcaller
  1155 | D        | Killed a purple draconian
  1156 | D        | Reached XP level 11. HP: 53/111 MP: 0/10
  1156 | D        | Killed from afar by Tiamat

Illustrated notes

Levels and vault maps discovered:
D:        pitsprint [storerooms_1, entrance_room_1, metal_vault_6, armoury_2,
          mini_pit_1, grid_room_1, main_hall_1, silver_pit, the_coven_1,
          the_vestibule_1, steel_vault_4, golden_pit, hallway_of_sentries,
          crystal_vault_2, iron_vault_2, final_vault]

Skill      XL: |  1  2  3  4  5  6  7  8  9 10 |
---------------+-------------------------------+-----
Fighting       | 4 5 6 7 8 9 11 12 14 | 14.4
Armour         | 4 5 6 7 8 10 12 13 | 13.9
Shields        | 4 5 6 7 8 10 12 13 15 | 15.3
Axes           | 3 4 6 7 11 12 14 15 17 | 17.8
Dodging        | 1 2 3 4 5 6 |  6.7
Stealth        | 1 2 |  2.4

Action                   |  1- 3 |  4- 6 |  7- 9 | 10-12 || total
-------------------------+-------+-------+-------+-------++-------
Melee: War axe           |     2 |       |       |       ||     2
       Headbutt          |     2 |     7 |     6 |     6 ||    21
       Hand axe          |    21 |    50 |    25 |       ||    96
       Broad axe         |       |       |    22 |    15 ||    37
Invok: Berserk           |     1 |       |     5 |       ||     6
       Brothers in Arms  |       |       |     3 |       ||     3
  Use: Potion            |       |       |     2 |       ||     2
Armor: Scale mail        |    11 |     1 |       |       ||    12
       Chain mail        |       |    11 |    16 |     5 ||    32
Dodge: Dodged            |     9 |    12 |    11 |     6 ||    38
Block: Kite shield       |    16 |    19 |    21 |     8 ||    64

Table legend: (Time is in decaauts)
 A = Elapsed time spent in this place.
 B = Non-inter-level travel time spent in this place.
 C = Inter-level travel time spent in this place.
 D = Time resting spent in this place.
 E = Time spent auto-exploring this place.
 F = Levels seen in this place.
 G = Mean time per level.
                   A        B        C        D        E       F      G
               +--------+--------+--------+--------+--------+-----+--------+
         Total |   1188 |   1188 |      0 |    505 |    282 |   1 | 1188.0 |
       Dungeon |   1188 |   1188 |      0 |    505 |    282 |   1 | 1188.0 |
               +--------+--------+--------+--------+--------+-----+--------+

Top non-repeatable levels by time:
       D: 1188 daAuts
